[Event "*** Titled Tuesday Blitz"]
[Site "Chess.com"]
[Date "2020.12.29"]
[Round "5"]
[White "NoGalloNoParty"]
[Black "esteban062000"]
[Result "1-0"]
[WhiteElo "2372"]
[BlackElo "2197"]
[TimeControl "180+1"]
[EndTime "10:55:11 PST"]
[Termination "NoGalloNoParty won by resignation"]

1. d4 Nf6 2. Nf3 e6 3. c4 Bb4+ 4. Bd2 Qe7 5. g3 b6 6. Bg2 Bb7 7. O-O Bxd2 8. Qxd2 Ne4 9. Qc2 f5 10.
e3 O-O 11. Nc3 d6 12. b4 Nd7 13. Rfd1 Ndf6 14. Ne2 Rac8 15. Rac1 Ng4 16. Rf1 c5 17. h3 Ngf6 18. a3 cxb4 19. axb4 Rc7 20. Qa4 Bc6 21. b5 Ba8 22. Nf4 g5 23. Nd3 g4 24. Nh4 Nd2 25. Rfd1 Bxg2 26. Nxg2 Nf3+ 27. Kh1 gxh3 28. Ngf4 Ne4 29.
Qc2 e5 30. dxe5 dxe5 31. Nxh3 Qg7 32. Ng1 Qh6+ 33. Kg2 Qh2+ 34. Kxf3 Ng5+ 35. Ke2 e4 36. Nf4 Nf3 37. Nxf3 exf3+ 38. Kxf3 Qh6 39. Kg2 Qg5 40.
Qd3 Rg7 41. Qd5+ Kh8 42. Ne6 Qh5 43. Nxg7 Kxg7 44. Qe5+ Rf6 45. Rd7+ Kg6 46. Rh1 Qg5 47. Rdxh7 1-0

[Event "*** Titled Tuesday Blitz"]
[Site "Chess.com"]
[Date "2020.12.29"]
[Round "5"]
[White "leejunhyeok"]
[Black "Alomaterapia"]
[Result "0-1"]
[WhiteElo "2703"]
[BlackElo "2509"]
[TimeControl "180+1"]
[EndTime "10:55:13 PST"]
[Termination "Alomaterapia won by resignation"]

1. e4 e5 2. Nf3 Nc6 3. Bc4 Nf6 4. d3 h6 5. O-O d6 6. c3 g5 7. Nbd2 Bg7 8. Re1 g4 9. Nh4 Nxe4 10. dxe4 Qxh4 11. Nf1 Be6 12. Qb3 Nd8 13. Ng3 h5 14.
Qa4+ Bd7 15. Bb5 c6 16. Bf1 Qf6 17. Qa3 h4 18. Nf5 Bf8 19. Ne3 g3 20. f3 gxh2+ 21.
Kh1 h3 22. Bd2 Ne6 23. Qb3 O-O-O 24. Nf5 hxg2+ 25. Bxg2 Ng5 26. Qa4 Nh3 27. Qxa7 Bxf5 28. exf5 Qxf5 29. Be3 c5 30. Qa8+ Kc7 31. Qa5+ Kc8 32.
Qa8+ Kc7 33. Qa5+ Kd7 34. Qb5+ Ke6 35. Qxb7 Bh6 36. Qe4 Bxe3 37. Qxe3 Nf4 38. Rad1 Nxg2 39. Kxg2 h1=Q+ 40. Rxh1 Rdg8+ 41. Kf2 Qg6 42. Ke2 Qg2+ 43. Qf2 Rxh1 44. Rxh1 Qxh1 45. f4 Rg2 46. f5+ Kf6 0-1

[Event "*** Titled Tuesday Blitz"]
[Site "Chess.com"]
[Date "2020.12.29"]
[Round "5"]
[White "anon102030"]
[Black "andriipalchuk"]
[Result "0-1"]
[WhiteElo "2696"]
[BlackElo "2502"]
[TimeControl "180+1"]
[EndTime "10:55:13 PST"]
[Termination "andriipalchuk won on time"]

1. e4 c6 2. d3 d5 3. Nd2 e5 4. g3 Bd6 5. Bg2 Nf6 6. Ngf3 O-O 7. O-O Re8 8. b3 Nbd7 9. Bb2 a5 10. a4 Nf8 11. Re1 Ng6 12. h3 Bd7 13. d4 exd4 14. Nxd4 dxe4 15. Nxe4 Nxe4 16. Bxe4 Bxh3 17. Qh5 Qd7 18.
Bf5 Bxf5 19. Nxf5 Bf8 20. Rxe8 Rxe8 21. Rd1 Qc7 22. Qg5 f6 23. Qg4 Rd8 24. Rxd8 Qxd8 25. Qc4+ Qd5 26. Qxd5+ cxd5 27. Ne3 Ne7 28. Bc3 d4 29.
Bxd4 Nc6 30. Bb6 Kf7 31. c3 Ke6 32. Kf1 Bd6 33. Nc4 Be5 34. Bxa5 Kd5 35. f4 Nxa5 36.
Nxa5 Bxc3 37. Nxb7 Kc6 38. Nd8+ Kd7 39. Nf7 Ke7 40. Nh8 f5 41. Ke2 g6 42. Nxg6+ hxg6 43. Kd3 Be1 44. Ke3 Bxg3 45. b4 Be1 46. b5 Kd6 47. Kd4 Bg3 48. Ke3 Be1 49. Ke2 Ba5 50.
Kd3 Kd5 51. Ke3 Bb6+ 52. Kd3 Bc7 53. Kc3 Bxf4 54. a5 Kc5 55. b6 Kb5 56. Kd4 Kxa5 57. b7 Kb6 58. b8=Q+ Bxb8 0-1

[Event "*** Titled Tuesday Blitz"]
[Site "Chess.com"]
[Date "2020.12.29"]
[Round "5"]
[White "konradrutkowski"]
[Black "Bodnar_Mykola"]
[Result "1-0"]
[WhiteElo "2404"]
[BlackElo "2538"]
[TimeControl "180+1"]
[EndTime "10:55:14 PST"]
[Termination "konradrutkowski won by checkmate"]

1. e4 e5 2. Nf3 Nc6 3. Bb5 Nf6 4. d3 Bc5 5. c3 d6 6. O-O O-O 7. Nbd2 a6 8. Bxc6 bxc6 9. d4 exd4 10. cxd4 Ba7 11. h3 Re8 12. Re1 Be6 13. Nf1 d5 14. e5 Ne4 15. N1d2 Nxd2 16. Bxd2 c5 17. dxc5 Bxc5 18.
Rc1 Bb6 19. Be3 Ba5 20. Bd2 Bb6 21. Be3 Ba5 22. Re2 Rb8 23. a3 Bb6 24. Bxb6 Rxb6 25. Nd4 Qd7 26. Rc5 Reb8 27. Qc1 R8b7 28. Rec2 Qd8 29.
Rxc7 Rxc7 30. Rxc7 Rb8 31. Nxe6 fxe6 32. Qc6 Qe8 33.
Qxa6 d4 34. Qa7 Qf8 35. Qxd4 Rd8 36. Qg4 Kh8 37. b4 Rd3 38. b5 Rb3 39. Rb7 h6 40. b6 Rxa3 41. Rc7 Rb3 42. b7 Rb1+ 43. Kh2 g5 44.
Rc8 Kg7 45. Rxf8 Rxb7 46. Rf6 Re7 47. Qe4 h5 48. Qg6+ Kh8 49. Rf8# 1-0

[Event "*** Titled Tuesday Blitz"]
[Site "Chess.com"]
[Date "2020.12.29"]
[Round "5"]
[White "AniJak"]
[Black "Aemulus20"]
[Result "0-1"]
[WhiteElo "2353"]
[BlackElo "2606"]
[TimeControl "180+1"]
[EndTime "10:55:15 PST"]
[Termination "Aemulus20 won on time"]

1. e4 c5 2. Nf3 g6 3. d4 cxd4 4. Nxd4 Bg7 5. Be3 Nc6 6. c4 Nf6 7. Nc3 d6 8. f3 Nxd4 9. Bxd4 O-O 10. Be2 a5 11. O-O Bd7 12. Kh1 Bc6 13. b3 Nd7 14. Bxg7 Kxg7 15. Qd2 Nc5 16. Rad1 f6 17. Bd3 Qb6 18.
Rb1 Qb4 19. Bc2 a4 20. bxa4 Qxc4 21. Bb3 Qd3 22. Qxd3 Nxd3 23. Bd5 Nc5 24. Rfc1 Bxd5 25. Nxd5 Kf7 26. Nb6 Ra6 27. Rc4 f5 28. exf5 gxf5 29. Kg1 Rg8 30. Kf2 Rg6 31. Nd5 Re6 32. Nf4 Re5 33.
Kg3 Re3 34. Kf2 Ra3 35. Rb2 e5 36. Rxc5 dxc5 37. Nd5 R3xa4 38. Rxb7+ Kf8 39. Rxh7 Rxa2+ 40. Kg3 Rg6+ 41. Kh3 Rgxg2 42. Rc7 Rgd2 43. Nf6 Ra3 44. Nh7+ Ke8 45. Nf6+ Kd8 46. Rxc5 Rxf3+ 47. Kh4 Rxh2+ 48. Kg5 e4 0-1

[Event "*** Titled Tuesday Blitz"]
[Site "Chess.com"]
[Date "2020.12.29"]
[Round "5"]
[White "FrenchMonster2002"]
[Black "Frolyanov_D"]
[Result "0-1"]
[WhiteElo "2425"]
[BlackElo "2654"]
[TimeControl "180+1"]
[EndTime "10:55:16 PST"]
[Termination "Frolyanov_D won by checkmate"]

1. e4 c5 2. Nc3 e6 3. Nge2 a6 4. g3 b5 5. Bg2 Bb7 6. d4 cxd4 7. Nxd4 Nf6 8. O-O b4 9. Na4 Nxe4 10. Re1 d5 11.
Nxe6 fxe6 12. Qh5+ g6 13. Qe5 Qf6 14. Rxe4 Qxe5 15.
Rxe5 Kf7 16. Bh3 Bg7 17. Bxe6+ Kf6 18. Bxd5 Kxe5 19. Bxb7 Ra7 20. Bf4+ Kf6 21. Nc5 Rd8 22. Bc7 Re8 23. Bb6 Rxb7 24. Nxb7 Re2 25. Bd4+ Kf7 26.
Bxg7 Kxg7 27. Rc1 Nc6 28. Kf1 Rd2 29. Ke1 Rd5 30. Rd1 Re5+ 31. Kf1 Rb5 32. Nd6 Rc5 33. Rd2 Ne5 34. Ne4 Ra5 35. f4 Nc4 36. Rd7+ Kf8 37. Rxh7 Rxa2 38. Ng5 Rxb2 39. Rf7+ Ke8 40. Ra7 Rxc2 41.
Rxa6 b3 42. Ra8+ Kd7 43. Ra7+ Kc6 44. Ne4 b2 45. Ra6+ Kb5 46. Ra8 b1=Q# 0-1

[Event "*** Titled Tuesday Blitz"]
[Site "Chess.com"]
[Date "2020.12.29"]
[Round "5"]
[White "skoularikii"]
[Black "JoliyRoger"]
[Result "1-0"]
[WhiteElo "2597"]
[BlackElo "2418"]
[TimeControl "180+1"]
[EndTime "10:55:16 PST"]
[Termination "skoularikii won on time"]

1. e4 c6 2. d4 d5 3. e5 Bf5 4. Nf3 e6 5. Be2 Nd7 6. O-O Be7 7. a4 Bg6 8. c3 Nh6 9. a5 O-O 10. Bxh6 gxh6 11. Nbd2 f6 12. exf6 Bxf6 13. Re1 Qc7 14. Bf1 Rae8 15. Qa4 Kg7 16. Qb4 e5 17.
dxe5 Nxe5 18. Nxe5 Bxe5 19. g3 c5 20. Qa4 d4 21.
Nc4 d3 22. Nxe5 Rxe5 23. Rxe5 Qxe5 24. Bxd3 Qf6 25. Rf1 Be8 26. Qg4+ Kh8 27. Qe2 h5 28. Qe4 Bg6 29. Qe3 Bxd3 30. Qxd3 h4 31. Qe4 b6 32.
axb6 axb6 33. Qxh4 Qxh4 34. gxh4 Rd8 35. f3 Kg7 36.
Kg2 Kf6 37. Kg3 Rd2 38. Rf2 Rd1 39. Re2 Rg1+ 40. Kf4 Rb1 41. Rd2 Ke6 42. Kg5 b5 43.
Kh6 Rf1 44. Kxh7 Rxf3 45. h5 Rf7+ 46. Kg8 Ra7 47. h6 Ra8+ 48. Kg7 Ra7+ 49. Kg6 Ke5 50. h7 Ra6+ 51. Kg5 Ra8 52. Re2+ Kd5 53. Kg6 Kc4 54. Rf2 Rf8 55. Rxf8 1-0

[Event "*** Titled Tuesday Blitz"]
[Site "Chess.com"]
[Date "2020.12.29"]
[Round "5"]
[White "Triumphmate"]
[Black "PawnEatingZombie"]
[Result "1/2-1/2"]
[WhiteElo "2380"]
[BlackElo "2241"]
[TimeControl "180+1"]
[EndTime "10:55:16 PST"]
[Termination "Game drawn by repetition"]

1. e4 c6 2. Nf3 d5 3. exd5 cxd5 4. d4 Nf6 5. Bd3 Nc6 6. c3 Bg4 7. Be3 e6 8. Nbd2 Bd6 9. h3 Bh5 10. Qc2 Bg6 11. O-O Qc7 12. Qb1 O-O 13. a3 Rfe8 14. Qc2 Rab8 15. Rae1 b5 16. Bg5 a5 17.
Bxf6 gxf6 18. Re2 Kg7 19. Rfe1 Rbc8 20. Qb1 b4 21. axb4 axb4 22. Nf1 bxc3 23. bxc3 Na5 24. Ne3 Qxc3 25. Bxg6 hxg6 26. Nxd5 Qb3 27. Ne3 Qxb1 28. Rxb1 Nc4 29. Nxc4 Rxc4 30. Rb7 Rc7 31. Reb2 Rxb7 32.
Rxb7 Rd8 33. g4 Bf4 34. Kg2 g5 35. Kf1 Kg6 36. Ke2 f5 37. Kd3 fxg4 38. hxg4 Ra8 39. Ke4 Ra3 40. Ne5+ Bxe5 41. dxe5 Ra2 42. f3 Ra1 43. Ke3 Re1+ 44. Kd4 Rd1+ 45. Ke4 Re1+ 46. Kd4 Rd1+ 47. Ke4 Re1+ 48. Kd4 1/2-1/2

[Event "*** Titled Tuesday Blitz"]
[Site "Chess.com"]
[Date "2020.12.29"]
[Round "5"]
[White "Lion-Al-Messi"]
[Black "Rozum_Ivan"]
[Result "0-1"]
[WhiteElo "2542"]
[BlackElo "2744"]
[TimeControl "180+1"]
[EndTime "10:55:17 PST"]
[Termination "Rozum_Ivan won by resignation"]

1. d4 Nf6 2. Nf3 e6 3. Nc3 d5 4. Bg5 Bb4 5. e3 Nbd7 6. Bd3 h6 7. Bh4 c5 8. dxc5 Qa5 9. O-O Bxc3 10. bxc3 Qxc3 11. Rb1 Nxc5 12. Bxf6 Qxf6 13. Bb5+ Nd7 14. Bxd7+ Kxd7 15. c4 Rd8 16. Qa4+ Ke7 17. Rfd1 Kf8 18. cxd5 exd5 19. Rd4 Qc6 20. Qb4+ Qd6 21. Qd2 b6 22. e4 Be6 23. exd5 Bf5 24. Rd1 Rac8 25. h3 Rc2 26. Qe3 Re8 27. Qf4 Qxf4 28. Rxf4 Bd7 29. Nd4 Rxa2 30.
Rc1 Rc8 31. Re1 Ra4 32. d6 Re8 33. Rc1 g5 34. Rf6 Rxd4 35. Rc7 Kg7 36. Rf3 Rxd6 37. Rxa7 b5 38. Rb7 Re4 39. Rb3 Bc6 40. Rb6 Rde6 41. Kh2 Rf4 42. f3 Rc4 43. Rb2 h5 44. Kg3 Rg6 45. Kf2 g4 46. hxg4 hxg4 47. fxg4 Rcxg4 48. Ke3 Rxg2 49. Rxg2 Bxg2 50. Rxb5 Bc6 51. Rb6 Bd7 52. Rb7 Be6 53. Rb6 Kf6 54. Kf4 Rg4+ 55. Kf3 Rc4 56. Rb5 Rd4 57. Rb6 Ke5 58. Rb5+ Bd5+ 59.
Ke3 Re4+ 60. Kf2 f5 61. Rb8 Ra4 62. Re8+ Kf4 63. Re2 Ra2 64. Rxa2 Bxa2 0-1

[Event "*** Titled Tuesday Blitz"]
[Site "Chess.com"]
[Date "2020.12.29"]
[Round "5"]
[White "lamomiablanca"]
[Black "tlomigtlis"]
[Result "0-1"]
[WhiteElo "2299"]
[BlackElo "2533"]
[TimeControl "180+1"]
[EndTime "10:55:17 PST"]
[Termination "tlomigtlis won by resignation"]

1. e4 c5 2. d3 d6 3. g3 Nc6 4. Bg2 g6 5. f4 Bg7 6. Nf3 e6 7. O-O Nge7 8. c3 O-O 9. Be3 f5 10. Nbd2 e5 11. Nc4 b5 12. Na3 a6 13. exf5 Nxf5 14.
Bd2 Be6 15. Ng5 Bd7 16. Bd5+ Kh8 17. Nf7+ Rxf7 18. Bxf7 Nce7 19. Bb3 Bc6 20. Qe2 Qb6 21. Qf2 Bb7 22. Bd1 d5 23. fxe5 Rf8 24. Bf3 Bxe5 25.
Qg2 b4 26. Nc2 b3 27. axb3 Qxb3 28. Bf4 Bxf4 29. gxf4 Nh4 30. Qe2 Nxf3+ 31. Rxf3 Nf5 32. d4 Qxb2 33. Rd1 a5 34. Rf2 cxd4 35. Nxd4 Qxc3 36. Qe5+ Ng7 37. Rc2 Qh3 38. Rf1 Re8 39. Qf6 Qe3+ 40. Rcf2 Kg8 41. Qb6 Bc8 42. Kg2 Nf5 43. Nxf5 Qxb6 44.
Nh6+ Kg7 45. f5 Kxh6 46. f6 d4 47. f7 Bb7+ 48. Kg1 Rf8 49. Rf4 Qe6 50. Rh4+ Kg7 0-1

[Event "*** Titled Tuesday Blitz"]
[Site "Chess.com"]
[Date "2020.12.29"]
[Round "5"]
[White "Ladislav1969"]
[Black "Legendinunknown"]
[Result "1-0"]
[WhiteElo "2408"]
[BlackElo "2549"]
[TimeControl "180+1"]
[EndTime "10:55:18 PST"]
[Termination "Ladislav1969 won by resignation"]

1. e4 c6 2. d4 d5 3. e5 Bf5 4. Nd2 e6 5. Nb3 Nd7 6. Nf3 c5 7. dxc5 Nxc5 8. Bb5+ Nd7 9. Nbd4 Bg6 10. O-O Ne7 11.
Bg5 a6 12. Bd3 Qb6 13. Be3 Qc7 14. Re1 Bxd3 15. cxd3 Nc6 16. Rc1 Bb4 17. Re2 O-O 18. Rec2 Ndxe5 19. Nxc6 Nxc6 20. Nd4 Qd7 21. Nxc6 bxc6 22.
Qg4 Be7 23. Rxc6 Bf6 24. Bd4 h5 25. Qf4 Bxd4 26. Qxd4 Rfc8 27. Qb6 Rab8 28. Rxc8+ Rxc8 29. Rc5 Rxc5 30. Qxc5 Qa4 31. h4 Qxh4 32. Qc8+ Kh7 33. Qxa6 Qd4 34. a4 Qxb2 35. a5 Qc1+ 36. Kh2 Qb2 37.
Qb6 Qe5+ 38. Kg1 d4 39. a6 Qe1+ 40. Kh2 Qxf2 41. a7 Qh4+ 42. Kg1 Qe1+ 43. Kh2 Qe5+ 44. Kg1 Qd5 45. Qb8 Qf5 46. a8=Q Qxd3 47. Qh8+ Kg6 48. Qf3 Qc2 49. Kh2 Qc7+ 50. Kg1 Qg3 51. Qxg3+ 1-0

[Event "*** Titled Tuesday Blitz"]
[Site "Chess.com"]
[Date "2020.12.29"]
[Round "5"]
[White "Angel_Hranitel_37"]
[Black "Andrakhanova"]
[Result "0-1"]
[WhiteElo "2391"]
[BlackElo "2253"]
[TimeControl "180+1"]
[EndTime "10:55:18 PST"]
[Termination "Andrakhanova won by resignation"]

1. d4 d5 2. c4 e6 3. Nf3 c6 4. g3 dxc4 5. Bg2 Nf6 6. O-O b5 7. a4 Bb7 8. Ne5 Nd5 9. e4 Nf6 10. Nc3 a6 11. axb5 cxb5 12. d5 exd5 13. exd5 Bd6 14.
Nc6 Qc7 15. Re1+ Kf8 16. Bg5 Nbd7 17. Qd4 h6 18. Bf4 Bxf4 19. gxf4 Re8 20. d6 Qb6 21. Qxb6 Nxb6 22. Ne5 Bxg2 23. Rxa6 Nbd5 24. Kxg2 Nxf4+ 25. Kf3 g5 26. d7 Nxd7 27. Nxd7+ Kg7 28. Rxe8 Rxe8 29.
Nxb5 Nd3 30. Ra7 Nxb2 31. Nb6 Rb8 32. Ra6 Nd1 33. Ke2 Nb2 34. Nc3 Nd3 35. Nxc4 Nf4+ 36. Kf3 Rb3 37. Ra3 Rb4 38. Ne3 h5 39. Ncd5 g4+ 40.
Kg3 Nxd5 41. Nxd5 Rd4 42. Ne3 Kg6 43. Ng2 f5 44. Ra6+ Kg5 45. Nh4 f4+ 46. Kg2 Kxh4 47. Ra5 f3+ 0-1

[Event "*** Titled Tuesday Blitz"]
[Site "Chess.com"]
[Date "2020.12.29"]
[Round "5"]
[White "Onischuk_V"]
[Black "szabadaba"]
[Result "1-0"]
[WhiteElo "2803"]
[BlackElo "2596"]
[TimeControl "180+1"]
[EndTime "10:55:21 PST"]
[Termination "Onischuk_V won on time"]

1. e4 c6 2. d4 d5 3. Nc3 dxe4 4. Nxe4 Nd7 5. Nf3 Ngf6 6. Nxf6+ Nxf6 7. Bc4 Bf5 8. O-O e6 9. Re1 Bd6 10. h3 O-O 11. c3 h6 12. a4 Qc7 13. Bd3 Bxd3 14. Qxd3 Rad8 15. Be3 c5 16. Qc4 Nd5 17. Bd2 Nb6 18.
Qb3 cxd4 19. Nxd4 a6 20. Rad1 Bc5 21. Be3 Nd5 22. Bc1 Rd7 23. Nf3 Rdd8 24. Qc2 Ne7 25.
Rxd8 Rxd8 26. Rd1 Rxd1+ 27. Qxd1 Nd5 28. c4 Ne7 29. b3 Nf5 30. Bb2 b6 31. Qd2 a5 32.
Ne5 f6 33. Nd3 Bd6 34. Qe2 Kf7 35. Qe4 Qd7 36. g4 Ne7 37. Kg2 Ng6 38. f3 Be7 39.
Kf2 Qc7 40. f4 Bd6 41. Bc1 Qd7 42. Be3 f5 43. Qd4 Qc6 44. Qxb6 Qd7 45. Qxa5 fxg4 46. hxg4 Be7 47. Qd2 Qb7 48. Qd1 Bh4+ 49. Kg1 Qe4 50. Qe2 Bg3 51. Nf2 Qb1+ 52. Kg2 Bxf4 53. Nd3 Bxe3 54.
Qxe3 Qc2+ 55. Qf2+ 1-0

[Event "*** Titled Tuesday Blitz"]
[Site "Chess.com"]
[Date "2020.12.29"]
[Round "5"]
[White "mbojan"]
[Black "Enriquack"]
[Result "1-0"]
[WhiteElo "2684"]
[BlackElo "2386"]
[TimeControl "180+1"]
[EndTime "10:55:21 PST"]
[Termination "mbojan won by resignation"]

1. Nf3 g6 2. g3 Bg7 3. d4 Nf6 4. Bg2 O-O 5. O-O c5 6. c4 cxd4 7. Nxd4 Nc6 8. Nc3 Qa5 9. Nb3 Qh5 10. e3 Qxd1 11. Rxd1 d6 12. Bd2 Bg4 13. Rdc1 Rac8 14. h3 Be6 15. Nd5 Nd7 16. Bc3 Nde5 17. Nd4 Bxd5 18. Bxd5 e6 19. Bg2 Nxd4 20. Bxd4 Nxc4 21. Bxg7 Kxg7 22. Bxb7 Rc7 23. Ba6 d5 24. Bxc4 dxc4 25. Rc2 Kf6 26. Rac1 Rfc8 27. b3 c3 28. Kf1 Ke5 29.
Ke2 h5 30. Rd1 Rc5 31. Rd4 Rd5 32. Kd3 Rxd4+ 33. exd4+ Kf5 34. Rxc3 Rd8 35. Rc5+ Kf6 36. h4 Rd7 37. b4 Rb7 38. a3 Rd7 39. b5 Ke7 40. a4 f6 41. Ke4 Kf7 42. Rc6 Rd5 43.
Ra6 Rd7 44. f3 Rc7 45. d5 e5 46. d6 Rd7 47. Kd5 g5 48. hxg5 fxg5 49. Kxe5 h4 50. gxh4 gxh4 51. Kf4 Ke6 52. Kg4 Rh7 53. Kh3 Rh8 54.
Rxa7 Kxd6 55. b6 Kc6 56. a5 Kb5 57. b7 Kc6 58. a6 Kb6 59. Ra8 1-0

[Event "*** Titled Tuesday Blitz"]
[Site "Chess.com"]
[Date "2020.12.29"]
[Round "5"]
[White "ftorodent"]
[Black "OrtizAnahi2001"]
[Result "1-0"]
[WhiteElo "2640"]
[BlackElo "2317"]
[TimeControl "180+1"]
[EndTime "10:55:21 PST"]
[Termination "ftorodent won by resignation"]

1. d4 d5 2. c4 e6 3. Nf3 Nf6 4. Nc3 Be7 5. Bf4 O-O 6. a3 b6 7. cxd5 exd5 8. e3 c5 9. Bd3 Nc6 10. O-O cxd4 11. Nxd4 Nxd4 12. exd4 Be6 13. Rc1 Rc8 14. Qa4 a5 15. Ba6 Ra8 16. Bb5 Bd6 17.
Be5 Bxe5 18. dxe5 Ng4 19. Qd4 Qg5 20. f4 Qh5 21. h3 Nh6 22. Qxb6 Rfb8 23. Qf2 d4 24. Qxd4 Nf5 25. Qf2 Nh4 26. g4 Bxg4 27. hxg4 Qxg4+ 28. Kh2 Rb6 29. Qg3 Qh5 30. Qh3 Rh6 31.
Be2 Qg6 32. Rg1 Qb6 33. Ne4 Nf3+ 34. Bxf3 Rxh3+ 35. Kxh3 Qe3 36. Kg3 Kf8 37. Rge1 Qb6 38. Red1 Rb8 39. Rd7 Qg6+ 40. Ng5 h6 41. Be4 Qh5 42.
Rxf7+ Kg8 43. Bd5 Kh8 44. Rfc7 Rf8 45. Rc8 Re8 46. Bf7 hxg5 47. Bxh5 1-0

[Event "*** Titled Tuesday Blitz"]
[Site "Chess.com"]
[Date "2020.12.29"]
[Round "5"]
[White "AlexeiShirov"]
[Black "albi1999"]
[Result "1-0"]
[WhiteElo "2834"]
[BlackElo "2539"]
[TimeControl "180+1"]
[EndTime "10:55:22 PST"]
[Termination "AlexeiShirov won by resignation"]

1. e4 e5 2. Nf3 Nc6 3. Bb5 a6 4. Ba4 Nf6 5. O-O Be7 6. Re1 b5 7. Bb3 O-O 8. d4 d6 9. c3 Bg4 10. Be3 Bh5 11. Nbd2 Ng4 12. Bd5 Qd7 13. dxe5 dxe5 14.
Bxc6 Qxc6 15. Nxe5 Nxe5 16. Qxh5 Nd3 17. Re2 Nxb2 18.
Bd4 Qg6 19. Qd5 c5 20. Bxc5 Rfd8 21. Qb3 Bxc5 22. Qxb2 Rd3 23. a4 b4 24. cxb4 Bd4 25.
Qb1 Rxd2 26. Rxd2 Bxa1 27. Qxa1 Qxe4 28. Rd4 Qc2 29. Qd1 Qxd1+ 30. Rxd1 g6 31. g3 Rb8 32. Rd4 Kf8 33. Kf1 Ke7 34. Ke2 Ke6 35. Kd3 Rc8 36. Rc4 Rd8+ 37. Ke3 Ke5 38. Re4+ Kf5 39. Rd4 Re8+ 40. Kd2 Re6 41. f3 h5 42. Rf4+ Kg5 43. Rxf7 Rb6 44. Kc3 Rc6+ 45. Kb2 Rb6 46. h4+ Kh6 47.
Rf4 g5 48. hxg5+ Kxg5 49. Kb3 Re6 50. Re4 Rf6 51. Re3 Kf5 52. b5 axb5 53. axb5 Rg6 54. f4 h4 55. gxh4 Kxf4 56. Rc3 Rb6 57. Kb4 Kg4 58.
Rc4+ Kh5 59. Ka5 1-0

[Event "*** Titled Tuesday Blitz"]
[Site "Chess.com"]
[Date "2020.12.29"]
[Round "5"]
[White "GMHess"]
[Black "AlleyOoper"]
[Result "1-0"]
[WhiteElo "2858"]
[BlackElo "2610"]
[TimeControl "180+1"]
[EndTime "10:55:22 PST"]
[Termination "GMHess won by resignation"]

1. b3 Nf6 2. Bb2 g6 3. h3 Bg7 4. e3 c5 5. Ne2 Nc6 6. d3 d5 7. Nd2 e5 8. a3 O-O 9. g4 Re8 10. Bg2 h5 11. g5 Nh7 12. h4 Nf8 13. c4 d4 14. Ne4 Ne6 15. N2g3 Ne7 16. Rg1 Rb8 17.
Nf6+ Bxf6 18. gxf6 Nc6 19. Nxh5 Kf8 20. Ng3 Qxf6 21. Ne4 Qh8 22. Qf3 dxe3 23. fxe3 Qxh4+ 24. Kd2 Ng5 25. Nxg5 Qxg5 26. Raf1 Qf5 27. Qd5 Qe6 28. Qxc5+ Kg7 29. Bd5 Qe7 30. Rxf7+ Qxf7 31. Bxf7 Kxf7 32.
Rf1+ Kg7 33. Qd6 Bf5 34. Qc7+ Re7 35. Qxe7+ Nxe7 36. Bxe5+ Kf7 37. Bxb8 Ke6 38. Bxa7 Nc6 39. Bd4 g5 40. Kc3 g4 41. e4 Bg6 42. b4 Bh5 43. Rg1 Ne7 44. Be3 Ng6 45. d4 Nh4 46. Bf4 Nf3 47. Rh1 Bg6 48. d5+ Kf7 49. e5 Be4 50.
e6+ Kf6 51. Rh6+ Kg7 52. e7 Kf7 53. Re6 Ke8 54. Rxe4 1-0

[Event "*** Titled Tuesday Blitz"]
[Site "Chess.com"]
[Date "2020.12.29"]
[Round "5"]
[White "Mikasinski"]
[Black "EugeneRougon"]
[Result "0-1"]
[WhiteElo "2519"]
[BlackElo "2761"]
[TimeControl "180+1"]
[EndTime "10:55:22 PST"]
[Termination "EugeneRougon won on time"]

1. e4 e6 2. d4 d5 3. Nc3 Bb4 4. e5 c5 5. a3 Bxc3+ 6. bxc3 Ne7 7. h4 Qc7 8. h5 h6 9. Nf3 b6 10. a4 Ba6 11. Bb5+ Bxb5 12. axb5 a5 13. Ra3 Nd7 14.
Nh4 Rc8 15. Qg4 Rg8 16. O-O cxd4 17. cxd4 Qxc2 18. Rf3 Rc4 19. Qf4 Rf8 20. Ba3 Qe4 21.
Bxe7 Kxe7 22. Qh2 Rxd4 23. g3 Nxe5 24. Re3 Ng4 25. Rxe4 Nxh2 26. Rxd4 Nxf1 27. Kxf1 Rc8 28. Ke2 Rc5 29. Nf3 f6 30. Nd2 Rxb5 31. Rd3 Rc5 32. Nb3 Rc2+ 33. Rd2 Rxd2+ 34. Kxd2 e5 35. Kd3 Kd6 36.
f3 Kc6 37. g4 Kb5 38. Kc3 Ka4 39. Nc1 b5 40. Nd3 b4+ 41. Kb2 Kb5 42. Ne1 a4 43.
Nc2 d4 44. Ne1 Kc4 45. Ng2 a3+ 46. Ka2 Kc3 47. Nh4 b3+ 48. Kb1 a2+ 49. Ka1 Kc2 0-1

[Event "*** Titled Tuesday Blitz"]
[Site "Chess.com"]
[Date "2020.12.29"]
[Round "5"]
[White "BogdanDeac"]
[Black "rpragchess"]
[Result "1-0"]
[WhiteElo "3017"]
[BlackElo "2844"]
[TimeControl "180+1"]
[EndTime "10:55:23 PST"]
[Termination "BogdanDeac won on time"]

1. Nf3 Nf6 2. c4 b6 3. d4 Bb7 4.
g3 g6 5. Bg2 Bg7 6. O-O e6 7. Bf4 O-O 8. Qc2 d6 9. Nc3 Nc6 10.
Rfd1 Nd7 11. d5 Nb4 12. Qd2 e5 13. Bh6 a5 14. a3 Na6 15. Rab1 Nac5 16. b4 axb4 17.
axb4 Na4 18. Nb5 Ba6 19. Bxg7 Kxg7 20. Qc2 Bxb5 21. cxb5 Qf6 22. e4 Ra7 23. Ra1 Rfa8 24. Ra3 Nac5 25. Rxa7 Rxa7 26. bxc5 bxc5 27. h4 Qd8 28. h5 Qa8 29. Qd2 Ra2 30. h6+ Kf8 31. Qg5 f6 32. Qg4 Qe8 33. Nd2 Nb6 34. Bf1 Ra3 35.
Nc4 Ra4 36. Ne3 Qd7 37. Qf3 Qe7 38. Ng4 Nd7 39. Rb1 Rb4 40. Rxb4 cxb4 41. Qb3 f5 42. exf5 gxf5 43. Nh2 f4 44. Qxb4 Qg5 45. Qc3 1-0

[Event "*** Titled Tuesday Blitz"]
[Site "Chess.com"]
[Date "2020.12.29"]
[Round "5"]
[White "SergeyShtyka"]
[Black "swimmerchess"]
[Result "0-1"]
[WhiteElo "2460"]
[BlackElo "2795"]
[TimeControl "180+1"]
[EndTime "10:55:23 PST"]
[Termination "swimmerchess won on time"]

1. e4 e5 2. Nf3 Nc6 3. Nc3 Nf6 4. Bb5 Bb4 5. O-O O-O 6. d3 Bxc3 7. bxc3 d6 8. Bxc6 bxc6 9. Bg5 h6 10. Bh4 g5 11.
Nxg5 Nxe4 12. Nf3 Ng5 13. Kh1 Bg4 14. Bxg5 hxg5 15. h3 Bh5 16. g4 Bg6 17. Qd2 f6 18. h4 gxh4 19. Qh6 Kf7 20. Nxh4 Bxd3 21. Qh5+ Ke6 22. cxd3 Rh8 23. Qf5+ Ke7 24. g5 Rxh4+ 25. Kg2 Qh8 26. Rh1 Rf8 27. f4 Rxf4 28. Rh7+ Rf7 29. gxf6+ Qxf6 30. Rxf7+ Qxf7 31. Qg5+ Kd7 32. Qg3 Qd5+ 33.
Kh2 c5 34. c4 Qd4 35. Rg1 Rh4+ 36. Kg2 Rg4 37. Kh3 Rxg3+ 38. Rxg3 e4 39. dxe4 Qxe4 40.
a4 Qxc4 41. Kh2 Qxa4 42. Kg2 Qc2+ 43. Kh1 d5 44. Rf3 Qe4 45. Kg2 d4 46. Kg3 d3 47.
Rf2 Qe3+ 48. Kg2 d2 49. Rf7+ Ke6 50. Rf1 Qe2+ 51. Kg1 d1=Q 0-1

[Event "*** Titled Tuesday Blitz"]
[Site "Chess.com"]
[Date "2020.12.29"]
[Round "5"]
[White "comsac"]
[Black "UCantHandleDenker"]
[Result "1-0"]
[WhiteElo "2416"]
[BlackElo "2556"]
[TimeControl "180+1"]
[EndTime "10:55:23 PST"]
[Termination "comsac won by resignation"]

1. e4 d6 2. d4 Nf6 3. Nc3 g6 4.
Nf3 Bg7 5. Be2 O-O 6. O-O c5 7. dxc5 dxc5 8. Qxd8 Rxd8 9. Be3 b6 10. h3 Bb7 11. e5 Ne8 12. e6 f5 13. Ng5 Nc7 14.
Nb5 Nxb5 15. Bxb5 Bxb2 16. Rad1 Nc6 17. Nf7 Rxd1 18. Rxd1 a6 19. Rd7 axb5 20. Rxb7 Rxa2 21. Rxb6 Ne5 22. Bh6 Ra8 23. Rxb5 Bd4 24. Nxe5 Bxe5 25. g3 Bd6 26. Kg2 Rc8 27. c4 Ra8 28. h4 Rc8 29.
Rb7 Ra8 30. Rd7 Rc8 31. Kf3 Ra8 32. Rb7 Rc8 33. g4 fxg4+ 34. Kxg4 Ra8 35. f3 Rc8 36. Rd7 Ra8 37. h5 gxh5+ 38. Kxh5 Rc8 39. f4 Re8 40. f5 Be5 41. Rb7 Bd4 42. Ra7 Bf6 43. Ra2 Rd8 44. Rg2+ Kh8 45. Ra2 Rc8 46. Ra7 Re8 47.
Kg4 Kg8 48. Kf3 Rd8 49. Rd7 Rc8 50. Ke4 Ra8 51. Kd5 Bd4 52. Rxe7 Rd8+ 53. Rd7 Ra8 54. e7 Kf7 55. Rd8 1-0

[Event "*** Titled Tuesday Blitz"]
[Site "Chess.com"]
[Date "2020.12.29"]
[Round "5"]
[White "AlanZhang"]
[Black "DinaBelenkaya"]
[Result "0-1"]
[WhiteElo "2154"]
[BlackElo "2388"]
[TimeControl "180+1"]
[EndTime "10:55:23 PST"]
[Termination "DinaBelenkaya won on time"]

1. e4 d5 2. exd5 Qxd5 3. Nc3 Qa5 4. d4 Nf6 5. Nf3 c6 6. Ne5 Bf5 7. Bd3 Bxd3 8. Qxd3 e6 9. Bd2 Qb6 10. O-O-O Nbd7 11. f4 Nd5 12. Nxd7 Kxd7 13. Ne4 Rd8 14. Ng5 Ke8 15. f5 Qa6 16. Qxa6 bxa6 17. fxe6 fxe6 18. Nxe6 Rd6 19. Rde1 Kd7 20. Nxf8+ Rxf8 21. c4 Nf4 22. Re4 Ne2+ 23. Rxe2 Rxd4 24. b3 c5 25. Bc3 Rg4 26. Rhe1 Rf7 27. h3 Rg3 28. Kc2 h5 29. Be5 Rg5 30.
Rd2+ Kc8 31. g3 Rgf5 32. Bf4 g5 33. Re8+ Kb7 34. Rb8+ Kc6 35. Rd6+ Kc7 36. Rdd8+ gxf4 37. gxf4 Rxf4 38. Rbc8+ Kb7 39. Rxc5 Rf2+ 40. Kb1 Rg2 41. Rcd5 Rf1+ 42. Rd1 Rff2 43. R1d7+ Kc6 44. Rd6+ Kc7 45. R6d7+ Kc6 46. Rd6+ Kc5 47. a3 Rb2+ 48. Kc1 Rxb3 49.
Rd5+ Kxc4 50. Rd4+ Kc5 51. R8d5+ Kc6 52. Rd6+ Kc5 53. R6d5+ Kb6 54. Rd6+ Ka5 0-1